 Dungeon Crawl Stone Soup version 0.22.0-49-gab54619 (webtiles) character file.

3400 BryzzWind the Thaumaturge (level 9, 0/64 HPs)
             Began as a Mummy Conjurer on Sept 6, 2018.
             Was an Initiate of Sif Muna.
             Slain by a yak (13 damage)
             ... on level 8 of the Dungeon.
             The game lasted 00:34:22 (9160 turns).

BryzzWind the Thaumaturge (Mummy Conjurer)          Turns: 9160, Time: 00:34:23

Health: 0/64       AC:  5    Str: 12    XL:     9   Next: 75%
Magic:  9/22       EV: 14    Int: 16    God:    Sif Muna [......]
Gold:   162        SH:  0    Dex: 17    Spells: 16/26 levels left

rFire    x . .     SeeInvis .   s - +1 flail (crush)
rCold    + + .     Gourm    .   (no shield)
rNeg     + + +     Faith    .   a - +0 robe
rPois    ∞         Spirit   .   (no helmet)
rElec    .         Reflect  .   m - +0 cloak
rCorr    .         Harm     .   u - +0 pair of gloves
MR       +....                  i - +0 pair of boots
Stlth    +++.......             e - amulet of magic regeneration
HPRegen  0.20/turn              d - +4 ring of dexterity
MPRegen  0.43/turn              f - ring of protection from cold

@: no status effects
A: no food or potions, fire vulnerability, cold resistance 1, negative energy
resistance 3, torment resistance, unbreathing
a: Renounce Religion


You were on level 8 of the Dungeon.
You worshipped Sif Muna.
Sif Muna was noncommittal.
You were not hungry.

You visited 2 branches of the dungeon, and saw 9 of its levels.
You also visited: Sewer.

You collected 344 gold pieces.
You spent 182 gold pieces at shops.

Inventory:

Hand Weapons
 b - a +0 club
 n - the +8 dagger "Kadoos" {vamp, rC++ MP-9 Dex+3 SInv}
   (You found it on level 4 of the Dungeon)

   It inflicts no extra harm, but heals its wielder when it wounds a living foe.
   It affects your dexterity (+3).
   It greatly protects you from cold.
   It affects your magic capacity (-9).
   It lets you see invisible.
 o - a +0 shortbow
 s - a +1 flail of crushing (weapon)
Missiles
 g - 162 stones (quivered)
 l - 36 sling bullets
 p - 98 arrows
 r - 5 tomahawks
Armour
 a - a +0 robe (worn)
 i - a +0 pair of boots (worn)
 m - a +0 cloak (worn)
 u - a +0 pair of gloves (worn)
Jewellery
 d - a +4 ring of dexterity (left hand)
 e - an amulet of magic regeneration (around neck)
 f - a ring of protection from cold (right hand)
 v - an uncursed ring of poison resistance
Wands
 k - a wand of random effects (11)
 w - a wand of enslavement (20)
Scrolls
 c - 2 scrolls of noise {unknown}
 h - 3 scrolls of teleportation
 j - 2 scrolls of magic mapping
 q - a scroll of remove curse
 t - a scroll of identify


   Skills:
 + Level 3.2 Fighting
 + Level 3.3 Maces & Flails
 + Level 4.1 Dodging
 - Level 3.9 Stealth
 + Level 9.3 Spellcasting
 + Level 7.5 Conjurations
 * Level 1.2 Hexes
 * Level 0.9 Invocations


You had 16 spell levels left.
You knew the following spells:

 Your Spells              Type           Power        Failure   Level  Hunger
a - Magic Dart            Conj           ####         1%          1    N/A
b - Searing Ray           Conj           ####..       1%          2    N/A
c - Iskenderun's Mystic   Conj           ####....     4%          4    N/A
d - Dazzling Spray        Conj/Hex       ###...       4%          3    N/A

Your spell library contained the following spells:

 Spells                   Type           Power        Failure   Level  Hunger
 Fulminant Prism          Conj/Hex       ###.......   16%         4    N/A
 Force Lance              Conj/Tloc      ###.....     21%         4    N/A

Dungeon Overview and Level Annotations

Branches:
Dungeon (8/15)             Temple (1/1) D:7
   Lair: D:8-11

Altars:
Ashenzari
Dithmenos
Hepliaklqana
Kikubaaqudgha
Makhleb
Nemelex Xobeh
Okawaru
Qazlal
Ru
Sif Muna
Yredelemnul
Zin
The Shining One

Shops:
D:4 (   D:5 (

Annotations:
D:4 3 runed doors, Oddysee's ghost, amateur MfBe


Innate Abilities, Weirdness & Mutations

You do not eat or drink.
Your flesh is vulnerable to fire.
You are immune to poison.
Your flesh is cold resistant. (rC+)
You are immune to negative energy. (rN+++)
You are immune to unholy pain and torment.
You can survive without breathing.


Message History

Confirm with . or Enter, or press ? or * to list all spells.
Aiming: Searing Ray (safe; 1% risk of failure)
Press: ? - help, Shift-Dir - straight line, f/p - yak
Aim: a yak (severely wounded)
The searing ray hits the yak.
The yak is almost dead. (Press . to maintain the ray.)
The yak barely misses you.
The searing ray hits the yak.
The yak is almost dead.
The yak gores you!
* * * LOW HITPOINT WARNING * * *
The searing ray hits the yak.
You kill the yak!
Sif Muna accepts your kill.
Your Hexes skill increases to level 1!
The searing ray hits the yak.
The yak is severely wounded.
You finish channeling your searing ray.
The yak gores you!
You die...

..# .. ... #. ..
###.. .. #.... .#
##...)# .#
.......###.#.####
.......†Y@.......
.....#.##.#.####
... #.##.#
#######.##.#
...........#
.....###)..#
...........#
........#..#####
........#).))..#


You could see a yak.

Vanquished Creatures
  2 hippogriffs (D:7)
  2 yaks (D:8)
  A necrophage (D:6)
  4 ogres
  2 sky beasts (D:7)
  4 centaurs
  3 big kobolds
  5 bullfrogs
  4 scorpions
  4 crimson imps
  2 jellies
  2 hounds
  6 orc priests
  A centaur skeleton (D:7)
  A quasit (D:7)
  2 iguanas (D:7)
  A bullfrog skeleton (D:5)
  Natasha (D:3)
  4 orc wizards
  3 worker ants
  2 hound skeletons
  A worker ant zombie (D:6)
  9 adders
  2 howler monkey skeletons
  2 river rats
  2 shadow imps (D:5)
  2 oozes (Sewer)
  3 worms
  A dart slug (D:3)
  2 leopard geckos
  22 orcs
  2 ball pythons
  11 giant cockroaches
  6 goblins
  5 hobgoblins
  6 jackals
  4 quokkas
  7 bats
  2 frilled lizards (D:2)
  A giant cockroach zombie (D:6)
  15 kobolds
  2 leopard gecko skeletons
  A quokka skeleton (D:5)
  11 rats
175 creatures vanquished.

Notes
Turn   | Place    | Note
-------+----------+-------------------------------------------
     0 | D:1      | BryzzWind the Mummy Conjurer began the quest for the Orb.
     0 | D:1      | Reached XP level 1. HP: 13/13 MP: 4/4
   254 | D:1      | Reached XP level 2. HP: 19/19 MP: 2/5
   260 | D:1      | Learned a level 2 spell: Searing Ray
   578 | D:1      | Found a shattered altar of Ashenzari.
   981 | D:2      | Found a basalt altar of Yredelemnul.
  1302 | D:2      | Reached XP level 3. HP: 19/24 MP: 1/7
  1438 | D:2      | Reached skill level 3 in Spellcasting
  2363 | D:3      | Reached skill level 1 in Maces & Flails
  2363 | D:3      | Reached XP level 4. HP: 31/31 MP: 3/8
  2386 | D:3      | Learned a level 4 spell: Iskenderun's Mystic Blast
  2484 | D:3      | Noticed Natasha
  2489 | D:3      | Killed Natasha
  2825 | D:4      | Got a bloodstained dagger
  2826 | D:4      | Identified the +8 dagger "Kadoos" {vamp, rC++ MP-9 Dex+3
                  | SInv} (You found it on level 4 of the Dungeon)
  3050 | D:4      | Noticed an ogre
  3063 | D:4      | Killed an ogre
  3063 | D:4      | Reached skill level 1 in Fighting
  3063 | D:4      | Reached XP level 5. HP: 19/37 MP: 1/10
  3272 | D:4      | Learned a level 3 spell: Dazzling Spray
  3477 | D:4      | Found Vaaf's Antique Weapon Emporium.
  3535 | D:4      | Found a runed gate.
  3536 | D:4      | Noticed Oddysee's ghost (amateur MfBe)
  3544 | D:4      | Found a runed gate.
  3544 | D:4      | Found a runed gate.
  3949 | D:5      | Entered Level 5 of the Dungeon
  3951 | D:5      | Noticed a centaur
  3962 | D:5      | Killed a centaur
  3962 | D:5      | Reached skill level 4 in Spellcasting
  3962 | D:5      | Reached XP level 6. HP: 18/43 MP: 1/12
  4247 | D:5      | Found an iron altar of Okawaru.
  4470 | D:5      | Reached XP level 7. HP: 48/48 MP: 5/14
  4614 | D:5      | Reached skill level 5 in Spellcasting
  4745 | D:5      | Found Woceink's Antique Weapon Shoppe.
  4774 | D:5      | Reached skill level 5 in Conjurations
  5366 | D:5      | Bought a glowing flail for 182 gold pieces
  5485 | D:6      | Found a glowing drain.
  5489 | Sewer    | Entered a sewer
  5934 | Sewer    | Reached skill level 6 in Spellcasting
  5938 | Sewer    | Reached XP level 8. HP: 37/56 MP: 2/17
  6721 | D:6      | Reached skill level 7 in Spellcasting
  7090 | D:6      | Learned a level 3 spell: Dazzling Spray
  7606 | D:7      | Reached XP level 9. HP: 55/62 MP: 15/20
  7724 | D:7      | Reached skill level 8 in Spellcasting
  8606 | D:7      | Found a staircase to the Ecumenical Temple.
  8693 | Temple   | Entered the Ecumenical Temple
  8750 | Temple   | Became a worshipper of Sif Muna the Loreminder
  9083 | D:8      | Reached skill level 9 in Spellcasting
  9159 | D:8      | Reached skill level 1 in Hexes
  9160 | D:8      | Slain by a yak

Skill      XL: |  1  2  3  4  5  6  7  8  9 |
---------------+----------------------------+-----
Stealth        | 2 3 |  3.9
Spellcasting   | 3 4 6 7 9 |  9.3
Maces & Flails | 1 2 3 |  3.3
Conjurations   | 4 5 6 7 |  7.5
Fighting       | 1 2 3 |  3.2
Dodging        | 2 3 4 |  4.1
Hexes          | 1 |  1.2
Invocations    | |  0.9

Action                   |  1- 3 |  4- 6 |  7- 9 || total
-------------------------+-------+-------+-------++-------
Melee: Unarmed           |     9 |       |       ||     9
       Club              |    32 |       |       ||    32
       Flail             |       |       |    36 ||    36
 Cast: Magic Dart        |    26 |    40 |   113 ||   179
       Searing Ray       |    14 |    16 |    82 ||   112
       Iskenderun's Myst |       |     4 |    15 ||    19
       Dazzling Spray    |       |     3 |       ||     3
  Use: Scroll            |     4 |       |    14 ||    18
 Stab: Sleeping          |       |       |     2 ||     2
Armor: Robe              |    24 |     6 |    26 ||    56
Dodge: Dodged            |    35 |    22 |   107 ||   164
